 Dungeon Crawl Stone Soup version 0.14-a0-1844-g8283a67 (webtiles) character file.

866 Mitsuki the Covert (level 8, -1/49 HPs)
             Began as a Halfling Assassin on Jan 11, 2014.
             Was an Initiate of Ashenzari.
             Slain by a slave (6 damage)
             ... led by Pikel
             ... on Level 5 of the Dungeon.
             The game lasted 00:29:05 (4618 turns).

Mitsuki the Covert (Halfling Assassin)              Turns: 4618, Time: 00:29:05

HP  -1/49        AC  9     Str  8      XL: 8   Next:  4%
MP   8/8         EV 11     Int 11      God: Ashenzari [......]
Gold 133         SH  0     Dex 20      Spells:  0 memorised,  7 levels left

rFire  . . .     SeeInvis .     a - +5,+1 elf dagger (venom)
rCold  . . .     Clarity  .     i - +1 ring mail {rPois}
rNeg   + . .     Conserve .     (no shield)
rPois  +         rCorr    .     (no helmet)
rElec  .         rRot     .     x - +0 cloak
SustAb + .       Spirit   .     B - +0 pair of gloves
rMut   .         Warding  .     y - +0 pair of dwarf boots
Saprov . . .     Stasis   .     (no amulet)
                                m - cursed ring of sustain abilities
                                z - cursed ring of positive energy

@: slightly resistant to hostile enchantments, very stealthy
A: mutation resistance 1, slow metabolism 1
a: Renounce Religion


You were on level 5 of the Dungeon.
You worshipped Ashenzari.
Ashenzari was noncommittal.
You were not hungry.

You visited 2 branches of the dungeon, and saw 6 of its levels.
You also visited: Sewer.

You collected 133 gold pieces.

Inventory:

Hand weapons
 a - a +5,+1 elven dagger of venom (weapon)
 b - a +0 blowgun
 p - a +2,+2 dagger
Missiles
 f - 2 curare-tipped needles
Armour
 i - a +1 ring mail of poison resistance (worn)
 x - a +0 cloak (worn)
 y - a +0 pair of dwarven boots (worn)
 B - a +0 pair of gloves (worn)
Magical devices
 A - a wand of cold (12)
Comestibles
 g - 2 bread rations
Scrolls
 c - a scroll of teleportation
 d - a scroll of fog {unknown}
 j - 2 scrolls of curse jewellery
 o - a scroll of curse weapon
 q - a scroll of identify
 t - 3 scrolls of remove curse
 w - a scroll of magic mapping
Jewellery
 m - a cursed ring of sustain abilities (right hand)
 z - a cursed ring of positive energy (left hand)
Potions
 k - a potion of restore abilities {unknown}
 l - 3 potions of curing
 r - a potion of paralysis {unknown}
 u - a potion of confusion {unknown}
 v - 4 potions of heal wounds {unknown}
Books
 h - a book of Envenomations

   Spells                             Type                      Level
   Spider Form                        Transmutation/Poison         3
   Poison Weapon                      Charms/Poison                3
   Summon Scorpions                   Summoning/Poison             4
   Olgreb's Toxic Radiance            Poison                       4
   Poisonous Cloud                    Conjuration/Poison/Air       6


   Skills:
 - Level 1.7 Fighting
 - Level 6.0 Short Blades
 - Level 2.6 Throwing
 * Level 3.7 Dodging
 + Level 10.5 Stealth


You had 7 spell levels left.
You didn't know any spells.

Dungeon Overview and Level Annotations

Branches:
Dungeon (5/16)             Temple (1/1) D:5

Altars:
Ashenzari
Cheibriados
Elyvilon
Fedhas
Kikubaaqudgha
Makhleb
Nemelex Xobeh
Okawaru
Sif Muna
Trog
Vehumet
Xom
Yredelemnul
Zin
the Shining One

Annotations:
D:5 Pikel


Innate Abilities, Weirdness & Mutations

You are small and have problems with some larger weapons.
You are somewhat resistant to further mutation.
You have a slow metabolism.


Message History

Your Dodging skill increases to level 3!
You have reached level 8!
Pikel completely misses you.
You hit Pikel but do no damage.
Pikel looks even sicker.
Pikel is moderately wounded.
The slave misses you. The slave closely misses you.
You hit Pikel.
Pikel looks even sicker.
Pikel is moderately wounded.
Pikel hits you with a whip of freezing. Pikel freezes you. The slave hits you.
The slave hits you but does no damage.
You closely miss Pikel.
Pikel is moderately wounded.
The slave hits you.
* * * LOW HITPOINT WARNING * * *
Pikel hits you with a whip of freezing.
* * * LOW HITPOINT WARNING * * *
Pikel freezes you.
* * * LOW HITPOINT WARNING * * *
The slave hits you but does no damage. The slave hits you.
You die...

..........................##
..........................##
..........................#8#
...........................>#
........................###8#
........................##
### ........<.(............##
.............@@K......##
.............@@.....##
..............@....##
..................##
................##
################


You could see Pikel and 4 slaves.

Vanquished Creatures
  Edmund (D:5)
  A sky beast (D:5)
  An ogre (D:4)
  A big kobold (Sewer)
  A crimson imp (D:4)
  A goliath beetle (D:3)
  A hound (D:4)
  A big fish (Sewer)
  An iguana (D:4)
  Ijyb (D:2)
  4 adders
  3 giant mites
  A green rat (D:3)
  4 worms
  4 grey rats (Sewer)
  A giant eyeball (D:4)
  5 giant geckos
  13 orcs
  2 giant cockroaches (D:3)
  13 hobgoblins
  3 jackals
  10 kobolds
  2 quokkas
  7 bats
  3 giant newts (D:3)
  8 goblins
  9 rats
102 creatures vanquished.

Notes
Turn   | Place    | Note
--------------------------------------------------------------
     0 | D:1      | Mitsuki, the Halfling Assassin, began the quest for the Orb.
     0 | D:1      | Reached XP level 1. HP: 14/14 MP: 1/1
   229 | D:1      | Reached XP level 2. HP: 17/19 MP: 2/2
   373 | D:1      | Reached skill level 6 in Stealth
   843 | D:2      | Reached XP level 3. HP: 24/24 MP: 3/3
  1113 | D:2      | Noticed Ijyb
  1134 | D:2      | Killed Ijyb
  1134 | D:2      | Reached skill level 7 in Stealth
  1134 | D:2      | Reached XP level 4. HP: 29/29 MP: 4/4
  1761 | D:3      | Reached skill level 8 in Stealth
  1761 | D:3      | Reached XP level 5. HP: 34/34 MP: 5/5
  1866 | D:3      | Found a glowing drain.
  1870 | Sewer    | Entered a sewer
  2091 | Sewer    | Reached skill level 9 in Stealth
  2091 | Sewer    | Reached XP level 6. HP: 33/39 MP: 6/6
  2301 | Sewer    | Found a white marble altar of Elyvilon.
  3277 | D:4      | Paralysed by a giant eyeball for 2 turns
  3280 | D:4      | Paralysed by a giant eyeball for 4 turns
  3701 | D:4      | Reached skill level 5 in Short Blades
  3701 | D:4      | Reached skill level 10 in Stealth
  3701 | D:4      | Reached XP level 7. HP: 34/44 MP: 7/7
  4179 | D:5      | Entered Level 5 of the Dungeon
  4341 | D:5      | Found a staircase to the Ecumenical Temple.
  4351 | Temple   | Entered the Ecumenical Temple
  4502 | Temple   | Became a worshipper of Ashenzari the Shackled
  4559 | D:5      | Noticed Edmund
  4571 | D:5      | Noticed Pikel
  4615 | D:5      | Killed Edmund
  4615 | D:5      | Reached XP level 8. HP: 21/49 MP: 8/8
  4618 | D:5      | Slain by a slave

Action                   |  1- 3 |  4- 6 |  7- 9 || total
-------------------------+-------+-------+-------++-------
Melee: Dagger            |    75 |   222 |    68 ||   365
 Fire: Blowgun           |     7 |    28 |    15 ||    50
Evoke: Wand              |       |       |     1 ||     1
  Use: Scroll            |     2 |     1 |     9 ||    12
 Stab: Sleeping          |     2 |    14 |     3 ||    19
       Distracted        |       |     1 |     1 ||     2
